 Dungeon Sprint DCSS version 0.18.1-1-g2f07953 (webtiles) character file.

140 pipel the Cleaver (level 8, -17/90 HPs)
             Began as a Deep Dwarf Berserker on May 6, 2016.
             Was a High Priest of Trog.
             Killed from afar by a deep elf knight (38 damage)
             ... with a shard of ice
             ... in the Dungeon (Sprint VI: "Thunderdome").
             The game lasted 00:12:56 (527 turns).

pipel the Cleaver (Deep Dwarf Berserker)             Turns: 527, Time: 00:12:58

Health: -17/90     AC:  2    Str: 26    XL:     8   Next: 94%
Magic:  6/16       EV: 18    Int:  8    God:    Trog [*****.]
Gold:   220        SH:  0    Dex: 12    Spells: 0 memorised, 7 levels left

rFire  . . .     SeeInvis +     t - +4 battleaxe of Trog's Vengeance {flame, rC+}
rCold  + . .     Gourm    .     b - +0 animal skin
rNeg   . . .     Faith    +     (shield currently unavailable)
rPois  +         Spirit   .     (no helmet)
rElec  .         Dismiss  .     (no cloak)
rCorr  .         Reflect  .     (no gloves)
SustAt .         Harm     .     (no boots)
MR     +++++     NoTele   +     q - amulet "Hogaits" {Faith MR+ MP+9 SInv}
Stlth  ..........               p - ring "Weniw" {rPois Str+3 Int-4 Stlth-}
                                o - ring "Niadost" {MR+ Int+4}

@: non-regenerating, almost entirely resistant to hostile enchantments,
extremely unstealthy
A: damage resistance, recharge devices, sense surroundings 1, slow regeneration
3
a: Device Recharging, Berserk, Trog's Hand, Brothers in Arms, Burn Spellbooks,
Renounce Religion


You were in the Dungeon.
You worshipped Trog.
Trog was extremely pleased with you.
You were hungry.

You visited 1 branch You collected 400 gold pieces.
You spent 180 gold pieces at shops.

Inventory:

Hand Weapons
 a - a +2 antimagic war axe
 f - a +0 hand axe
 t - the +4 battleaxe of Trog's Vengeance (weapon) {flame, rC+}
   (Trog gifted it to you in the Dungeon)

   It has been specially enchanted to burn those struck by it, causing extra
   injury to most foes and up to half again as much damage against particularly
   susceptible opponents.
   Big, fiery blades are also staple armaments of hydra-hunters.
   It protects you from cold.
Armour
 b - a +0 animal skin (worn)
Jewellery
 o - the ring "Niadost" (left hand) {MR+ Int+4}
   (You bought it in a shop in the Dungeon)

   [ring of protection from magic]

   It affects your intelligence (+4).
   It affects your resistance to hostile enchantments.
 p - the ring "Weniw" (right hand) {rPois Str+3 Int-4 Stlth-}
   (You bought it in a shop in the Dungeon)

   [ring of loudness]

   It affects your strength (+3).
   It affects your intelligence (-4).
   It protects you from poison.
   It makes you less stealthy.
 q - the amulet "Hogaits" (around neck) {Faith MR+ MP+9 SInv}
   (You bought it in a shop in the Dungeon)

   [amulet of faith]

   It allows you to gain divine favour quickly.
   It affects your resistance to hostile enchantments.
   It affects your magic capacity (+9).
   It lets you see invisible.
 r - the ring of Ligisesm {MP+9 Int+2}
   (You bought it in a shop in the Dungeon)

   [ring of magical power]

   It affects your intelligence (+2).
   It affects your magic capacity (+9).
Wands
 c - a wand of heal wounds (4/9)
 k - a wand of acid (3/15)
 l - a wand of iceblast (9/15)
Scrolls
 j - 4 scrolls of blinking
 m - 3 scrolls of fog
Potions
 e - a potion of curing
 g - 4 potions of haste
 h - 2 potions of magic
 i - a potion of berserk rage
 n - a potion of resistance
Comestibles
 d - a bread ration
 s - 4 chunks of flesh


   Skills:
 + Level 11.2 Fighting
 + Level 12.8 Axes
 + Level 6.0 Armour
 + Level 11.1 Dodging
 - Level 2.1 Evocations


You had 7 spell levels left.
You didn't know any spells.

Dungeon Overview and Level Annotations

Branches:
Dungeon (1/1)

Altars:
Cheibriados
Dithmenos
Fedhas
Gozag
Kikubaaqudgha
Makhleb
Okawaru
Pakellas
Qazlal
Ru
Sif Muna
Trog
Vehumet
Xom
Yredelemnul
Zin
The Shining One
Jiyva
Lugonu

Shops:
D *[%??*?*:[((!!!!


Innate Abilities, Weirdness & Mutations

You are resistant to damage.
You can recharge devices by infusing magical energy.
You passively map a small area around you.
You do not regenerate naturally.


Message History

Unknown command.
Your skin crawls.
You feel resistant to hostile enchantments.
You are feeling hungry.
The deep elf knight hits you with a long sword!
The deep elf mage barely misses you.
The deep elf knight hits you with a long sword!!
* * * LOW HITPOINT WARNING * * *
You take 31 damage, and have 14/90 hp.
MASSIVE DAMAGE!!
Unknown command.
Evoke which item? (* to show all) (? for menu, Esc to quit)
Zapping:
c - a wand of heal wounds (5/9)
Press: ? - help, Shift-Dir - straight line, f - you You feel much better.
This wand has 4 charges left.
The deep elf mage points at you and mumbles some strange words.
The shard of ice hits you! You partially resist.
* * * LOW HITPOINT WARNING * * *
The deep elf knight points at you and mumbles some strange words.
The shard of ice hits you! You partially resist.
You die...

#_......._# #_......._#
###.........### #⌠...........⌠#
######.8......Y..8.###***
*#∩___......#*#......___∩**
***∩........8.# #.8......,,∩***
**,,......†...e###).......,,,,,*
*⌠,,........###@..###.....,,,,,⌠
*⌠,,........# #.e.# *,....,,,,,⌠
*⌠,,........###...#**,,...,,,,,⌠
**,,...........###..,,,,..,,,,,*
***∩........8.# *.8.,,,,.,,∩***
*#∩___......#**.....,,_,∩**
######.8.....,...8.******
#⌠...........⌠* ###........,***


You could see a deep elf knight and a deep elf mage.

Vanquished Creatures
  3 deep elf magi (D)
  A spiny frog (D)
  A vampire mosquito (D)
  2 giant frogs (D)
  A scorpion (D)
  5 worms (D)
  6 giant cockroaches (D)
19 creatures vanquished.

Vanquished Creatures (collateral kills)
  A vampire mosquito (D)
  An insubstantial wisp (D)
2 creatures vanquished.

Grand Total: 21 creatures vanquished

Notes
Turn   | Place    | Note
--------------------------------------------------------------
     0 | D        | pipel the Deep Dwarf Berserker began the quest for the Orb.
     0 | D        | Reached XP level 1. HP: 20/20 MP: 1/1
     1 | D        | Found a sacrificial altar of Ru.
     1 | D        | Found a corrupted altar of Lugonu.
     2 | D        | Found a radiant altar of Vehumet.
     3 | D        | Found a shadowy altar of Dithmenos.
     3 | D        | Found a viscous altar of Jiyva.
     4 | D        | Found Riyxepn's Identification Station.
     4 | D        | Found an ancient bone altar of Kikubaaqudgha.
     4 | D        | Found a bloodstained altar of Trog.
     4 | D        | Found Iloaveatt's Bee Food.
     5 | D        | Found Qeagosme's Advanced Armour.
     5 | D        | Found Fasti's Jewellery.
     5 | D        | Round 1.
     8 | D        | Found a stormy altar of Qazlal.
    13 | D        | Bought a twitching turquoise ring for 45 gold pieces
    13 | D        | Bought a transparent bone ring for 45 gold pieces
    13 | D        | Bought a transparent sapphire amulet for 45 gold pieces
    13 | D        | Identified the amulet "Hogaits" {Faith MR+ MP+9 SInv} (You bought it in a shop in the Dungeon)
    21 | D        | Reached ** piety under Trog
    21 | D        | Reached skill level 4 in Axes
    22 | D        | Identified the ring "Niadost" {MR+ Int+4} (You bought it in a shop in the Dungeon)
    23 | D        | Identified the ring "Weniw" {rPois Str+3 Int-4 Stlth-} (You bought it in a shop in the Dungeon)
    24 | D        | Bought a translucent glass ring for 45 gold pieces
    25 | D        | Identified the ring of Ligisesm {MP+9 Int+2} (You bought it in a shop in the Dungeon)
    33 | D        | Found a glowing silver altar of Zin.
    34 | D        | Found a basalt altar of Yredelemnul.
    34 | D        | Found Syorgh's Magic Scroll Shop.
    35 | D        | Found Orrall's Magic Scroll Shop.
    35 | D        | Found Kiov's Must-Have Magic.
    36 | D        | Found a snail-covered altar of Cheibriados.
    36 | D        | Found a burning altar of Makhleb.
    36 | D        | Found an oddly glowing altar of Pakellas.
    36 | D        | Found Miesyvat's Staff Store.
    37 | D        | Noticed a scorpion
    47 | D        | Killed a scorpion
    47 | D        | Reached skill level 5 in Axes
    47 | D        | Reached XP level 2. HP: 25/31 MP: 2/2
    47 | D        | Reached XP level 3. HP: 31/38 MP: 3/3
    47 | D        | Reached *** piety under Trog
    47 | D        | Reached skill level 5 in Fighting
    47 | D        | Arena points: 14 (+14) [x2]
    66 | D        | Found a blossoming altar of Fedhas.
    93 | D        | Found a deep blue altar of Sif Muna.
    93 | D        | Found Gale's Premium Goods.
    93 | D        | Found Kewuvi's Miscellaneous Merchandise.
    93 | D        | Round 2.
    95 | D        | Reached skill level 6 in Axes
   100 | D        | Found Lerog's Basic Armour.
   101 | D        | Found an opulent altar of Gozag.
   101 | D        | Found Bayn's Weapon Rack.
   106 | D        | Found a glowing golden altar of the Shining One.
   108 | D        | Found Pafruff's Do-It-Yourself Clinic.
   109 | D        | Found Waenuj's Bottled Wisdom.
   109 | D        | Found Cireles's Distillery.
   109 | D        | Found an iron altar of Okawaru.
   109 | D        | Found a shimmering altar of Xom.
   109 | D        | Found Qanit's Distillery.
   143 | D        | Reached **** piety under Trog
   146 | D        | Reached XP level 4. HP: 19/46 MP: 4/4
   201 | D        | Reached ***** piety under Trog
   201 | D        | Arena points: 56 (+42) [x3]
   264 | D        | Round 3.
   264 | D        | Noticed an insubstantial wisp
   269 | D        | Noticed a vampire mosquito
   270 | D        | Killed an insubstantial wisp
   270 | D        | Reached skill level 7 in Axes
   270 | D        | Reached skill level 5 in Dodging
   270 | D        | Reached XP level 5. HP: 46/56 MP: 5/5
   273 | D        | Killed a vampire mosquito
   273 | D        | Reached skill level 8 in Axes
   302 | D        | Noticed a spiny frog
   306 | D        | Killed a spiny frog
   306 | D        | Reached skill level 10 in Axes
   306 | D        | Reached skill level 5 in Armour
   306 | D        | Reached skill level 1 in Evocations
   306 | D        | Reached XP level 6. HP: 38/68 MP: 6/6
   309 | D        | Noticed a vampire mosquito
   316 | D        | Killed a vampire mosquito
   316 | D        | Reached XP level 7. HP: 44/76 MP: 8/8
   365 | D        | Arena points: 140 (+84) [x4]
   437 | D        | Round 4.
   438 | D        | Noticed a deep elf mage
   443 | D        | Noticed a fire elemental
   456 | D        | Killed a deep elf mage
   456 | D        | Received a gift from Trog
   456 | D        | Reached skill level 10 in Fighting
   456 | D        | Reached skill level 11 in Axes
   456 | D        | Reached XP level 8. HP: 40/86 MP: 9/9
   476 | D        | Found Qeagosme's Advanced Armour.
   476 | D        | Found Fasti's Jewellery.
   478 | D        | Found a stormy altar of Qazlal.
   479 | D        | Found a glowing silver altar of Zin.
   484 | D        | Found a blossoming altar of Fedhas.
   484 | D        | Found a snail-covered altar of Cheibriados.
   485 | D        | Found an iron altar of Okawaru.
   485 | D        | Found a burning altar of Makhleb.
   486 | D        | Found an oddly glowing altar of Pakellas.
   486 | D        | Found a basalt altar of Yredelemnul.
   486 | D        | Noticed a deep elf mage
   493 | D        | Noticed a deep elf mage
   494 | D        | Noticed a deep elf knight
   503 | D        | Noticed a deep elf mage
   509 | D        | Killed a deep elf mage
   509 | D        | Reached skill level 12 in Axes
   509 | D        | Reached skill level 10 in Dodging
   519 | D        | Killed a deep elf mage
   519 | D        | Received a gift from Trog
   520 | D        | Got a scorched battleaxe {god gift}
   521 | D        | Identified the +4 battleaxe of Trog's Vengeance {flame, rC+} (Trog gifted it to you in the Dungeon)
   527 | D        | Killed from afar by a deep elf knight

Skill      XL: |  1  2  3  4  5  6  7  8 |
---------------+-------------------------+-----
Fighting       | 4 5 6 8 9 10 11 | 11.2
Axes           | 5 6 7 10 11 12 | 12.8
Armour         | 3 5 6 |  6.0
Dodging        | 3 4 5 7 8 9 11 | 11.1
Evocations     | 1 2 |  2.1

Action                   |  1- 3 |  4- 6 |  7- 9 || total
-------------------------+-------+-------+-------++-------
Melee: Hand axe          |    24 |    28 |    18 ||    70
       War axe           |       |       |    23 ||    23
       Battleaxe         |       |       |     4 ||     4
Invok: Berserk           |     1 |     1 |       ||     2
       Brothers in Arms  |       |     1 |       ||     1
       Trog's Hand       |       |       |     3 ||     3
 Abil: Device Recharging |       |       |     2 ||     2
Evoke: Wand              |       |     5 |     7 ||    12
  Use: Potion            |     1 |     1 |     2 ||     4
 Stab: Distracted        |       |       |     1 ||     1
  Eat: Chunk             |       |       |     1 ||     1
Armor: Animal skin       |     3 |     8 |    10 ||    21
Dodge: Dodged            |    12 |    15 |    33 ||    60
